cohdb
Replays
Latest Replays
All Replays
Popular Replays
Top Player Replays
Match Explorer
How It Works
Community
CoH3 Stats
Reddit
Sign in to upload your games and track your stats! →
Sign in with Steam
Match 29731969
Unlisted
Match 29731969
Overview
Messages
Build Orders
End
Construct Barracks
Selects Advanced Infantry Battlegroup
Riflemen Squad
Riflemen Squad
M1 Mortar Team
Infantry Support Center
Selects Convert to Ranger Squad
Construct Medical Station
Convert to Ranger Squad
Ranger Squad
Convert to Ranger Squad
Construct Motor Pool
Selects Artillery Observers
Selects Frontline Medical Station
M1 Anti-tank Gun Team
M1 Anti-tank Gun Team
Engineer Squad
pagep
GoLdenCoBRaaa
KoRneY
Vodyani "USF" Fox
0
0
Comments
sign in to comment!
No comments posted yet!